Map: Hard Lead LE

Players

seezar

  • Race: Protoss Protoss
  • Spawn Location: 11:00

Subwayeatn - Winner!

  • Race: Zerg Zerg
  • League: Platinum
  • Spawn Location: 5:00

VOD

Have the link to the VOD?

Description

Time

  • Played on: Nov. 10, 2023, 7:50 p.m.
  • Length: 5:49
Show
View Real Time Build Order
Export as new Build Order

seezar Protoss 

Build Orders: 1 Gate Expand 

Get SALT Encoding   

  12  0:00  Probe  
  13  0:12  Probe  
  14  0:20  Pylon  
  14  0:25  Probe  
  15  0:39  Gateway  
  15  0:41  Probe (Chrono Boost)  
  16  0:49  Assimilator  
  16  0:53  Probe (Chrono Boost)  
  17  1:02  Probe  
  18  1:14  Probe  
  20  1:33  Nexus  
  20  1:37  Cybernetics Core  
  20  1:39  Probe  
  20  1:48  Assimilator  
  20  1:52  Probe  
  20  1:53  Pylon  
  21  2:04  Probe  
  22  2:10  Adept (Chrono Boost)  
  24  2:16  Probe  
  25  2:28  Probe  
  26  2:31  Stargate  
  26  2:38  Gateway, Adept  
  26  2:40  Probe  
  29  2:48  Probe  
  30  2:52  Probe  
  31  3:00  Probe  
  31  3:04  Probe  
  33  3:09  Shield Battery  
  34  3:12  Probe  
  34  3:16  Probe  
  35  3:25  Probe  
  40  3:27  Void Ray (Chrono Boost)  
  41  3:37  Pylon  
  40  3:50  Twilight Council  
  40  3:52  Robotics Facility  
  40  4:03  Gateway  
  40  4:05  Gateway  
  40  4:07  Gateway  
  40  4:10  Gateway  
  40  4:15  Gateway  
  40  4:26  Gateway  
  35  4:48  Probe (Chrono Boost)  
  37  4:53  Probe (Chrono Boost)  
  37  4:56  Warp Prism (Chrono Boost)  
  37  4:57  Gateway  
  39  5:06  Gateway  
  39  5:11  Gateway  
  39  5:13  Pylon  
  39  5:15  Pylon  
Show
View Real Time Build Order
Export as new Build Order

Subwayeatn Zerg - Winner!

Build Orders: 3 Hatch before Pool 

Get SALT Encoding   

  12  0:00  Drone  
  13  0:12  Drone  
  14  0:33  Hatchery  
  13  0:37  Drone  
  14  1:03  Hatchery  
  13  1:08  Drone  
  14  1:21  Spawning Pool  
  14  1:24  Extractor  
  12  1:26  Drone  
  12  1:31  Drone  
  15  1:38  Overlord  
  15  2:04  Drone x5  
  20  2:09  Queen  
  22  2:15  Zergling x2  
  22  2:21  Drone  
  22  2:22  Zergling x4  
  26  2:27  Zergling x4  
  28  2:30  Zergling x2  
  29  2:40  Zergling x6  
  32  2:48  Overlord  
  32  2:49  Overlord  
  32  2:55  Zergling x2  
  33  2:59  Zergling x2  
  31  3:17  Zergling x10  
  34  3:25  Zergling x6  
  36  3:29  Zergling x6  
  37  3:36  Zergling x6  
  38  3:52  Queen  
  40  4:01  Overlord  
  40  4:08  Drone x5  
  45  4:12  Drone  
  45  4:14  Drone  
  47  4:19  Hatchery  
  44  4:31  Queen x2  
  41  4:48  Zergling x2  
  41  4:49  Zergling x18  
  46  4:59  Queen  
  47  5:03  Overlord  
  47  5:06  Queen  
  49  5:24  Zergling x2  
  49  5:25  Zergling x16  
Tags
 
Add a new tag
Caveats
  • Supply blocks, unpowered buildings, or Contaminate may cause inaccurate times.
  • Supply counts are checked every 10 seconds.